 Dungeon Crawl Stone Soup version 0.25-a0-937-gcfae464cf3 (webtiles) character file.

Game seed: 2151206350379141831, levelgen mode: deterministic

84 Esekla the Skirmisher (level 4, 0/24 HPs)
             Began as a Vine Stalker Abyssal Knight on May 4, 2020.
             Was a Believer of Lugonu.
             Slain by a worm (6 damage)
             ... on level 2 of the Dungeon.
             The game lasted 00:08:09 (1797 turns).

Esekla the Skirmisher (Vine Stalker Abyssal Knight) Turns: 1797, Time: 00:08:10

Health: 0/24       AC:  3    Str: 14    XL:     4   Next: 46%
Magic:  0/7        EV: 11    Int: 12    God:    Lugonu [**....]
Gold:   54         SH:  0    Dex: 15    Spells: 6/6 levels left

rFire    . . .     SeeInvis .   a - +1 falchion
rCold    . . .     Gourm    .   (no shield)
rNeg     . . .     Faith    +   b - +0 leather armour
rPois    +         Spirit   +   (no helmet)
rElec    .         Reflect  .   (no cloak)
rCorr    .         Harm     .   (no gloves)
MR       .....                  (no boots)
Stlth    +.........             d - amulet of faith
HPRegen  0.48/turn              e - ring of poison resistance
MPRegen  0.10/turn              (no ring)

@: no status effects
A: fangs 2, regeneration 1, magic shield, antimagic bite, no potion heal 3, rot
immunity
a: Depart the Abyss, Bend Space, Renounce Religion


You were on level 2 of the Dungeon.
You worshipped Lugonu.
Lugonu was pleased with you.
You were not hungry.

You visited 1 branch of the dungeon, and saw 2 of its levels.
You visited the Abyss 1 time.

You collected 54 gold pieces.

Inventory:

Hand Weapons
 a - a +1 falchion (weapon)
Missiles
 f - 8 poisoned darts (quivered)
Armour
 b - a +0 leather armour (worn)
Jewellery
 d - an amulet of faith (around neck)
 e - a ring of poison resistance (left hand)
Scrolls
 g - 3 scrolls of identify {unknown}
 j - a scroll of magic mapping {unknown}
 o - 2 scrolls of fear {unknown}
 p - a scroll of teleportation {unknown}
Potions
 h - a potion of mutation {unknown}
 i - 2 potions of berserk rage {unknown}
 k - a potion of curing {unknown}
 l - a potion of lignification {unknown}
 n - a potion of stabbing {unknown}
 q - a potion of flight {unknown}
Comestibles
 c - 3 rations


   Skills:
 + Level 3.3 Fighting
 + Level 2.3 Long Blades
 + Level 2.1 Armour
 + Level 0.9 Dodging
 + Level 0.2 Stealth
 * Level 1.8 Spellcasting
 + Level 1.9 Invocations


You had 6 spell levels left.
You didn't know any spells.
Your spell library was empty.

Dungeon Overview and Level Annotations

Branches:
Dungeon (2/15)

Altars:


Innate Abilities, Weirdness & Mutations

You have extremely sharp teeth.
Your natural rate of healing is unusually fast.
When hurt, damage is shared between your health and your magic reserves.
Your bite disrupts and absorbs the magic of your enemies.
Potions cannot restore your health.
You are immune to rotting.


Message History

Press: ? - help, Shift-Dir - straight line, f - worm
Aim: a worm You throw a poisoned dart.
The poisoned dart hits the worm.
The worm is poisoned.
Throwing (i - inventory)
f - 9 poisoned darts (quivered)
Press: ? - help, Shift-Dir - straight line, f/p - worm
Aim: a worm (lightly wounded, poisoned)
You throw a poisoned dart.
The poisoned dart barely misses the worm.
The poisoned dart hits the frilled lizard.
You hit the worm.
The worm is moderately wounded.
You hit the worm. You bite the worm. You drain its power.
You feel invigorated.
The worm is severely wounded.
The worm looks more healthy.
The worm bites you!
* * * LOW HITPOINT WARNING * * *
You hit the worm. You bite the worm, but do no damage.
The worm is severely wounded.
The worm bites you!
You die...

######....##.......###########.##
......................÷..........
......................>........##
####.#######.......#############
#.# #.........# #.# ####......#
####.# #.....## ...#.#
#....##.... ...#.# ##@###.....
...#.# #w# ...... ...#.#
#l##..l... ...# #(#...K... .....
#.#.....w♣ ...... #.#...l...
...... #.()...... .......
###.....♣. #....... .......


You could see a worm and a frilled lizard.

Vanquished Creatures
  A gnoll (D:1)
  3 adders (D:2)
  3 worms (D:2)
  2 leopard geckos (D:1)
  A ball python (D:2)
  A bat (D:1)
  A giant cockroach (D:2)
  4 goblins
  2 hobgoblins
  4 jackals (D:2)
  A quokka (D:2)
  3 frilled lizards (D:2)
  5 kobolds
  5 rats
36 creatures vanquished.

Notes
Turn   | Place    | Note
-------+----------+-------------------------------------------
     0 | Abyss:1  | Esekla the Vine Stalker Abyssal Knight began the quest for
                  | the Orb.
     0 | Abyss:1  | Reached XP level 1. HP: 11/11 MP: 3/3
     9 | Abyss:1  | Noticed a large abomination
    24 | D:1      | Escaped the Abyss
   267 | D:2      | Reached skill level 3 in Fighting
   267 | D:2      | Reached XP level 2. HP: 10/16 MP: 4/4
   445 | D:1      | Reached * piety under Lugonu
   531 | D:1      | Reached skill level 1 in Spellcasting
  1146 | D:1      | Reached XP level 3. HP: 20/20 MP: 5/5
  1556 | D:2      | Gained mutation: Your natural rate of healing is unusually
                  | fast. [Vine Stalker growth]
  1556 | D:2      | Reached XP level 4. HP: 19/24 MP: 5/7
  1790 | D:2      | Reached ** piety under Lugonu
  1797 | D:2      | Slain by a worm

Levels and vault maps discovered:
D:1:      ebering_trefoil_twist, layout_loops_corners
D:2:      layout_basic, tgw_trog, kennysheep_potato

Skill      XL: |  1  2  3 |
---------------+----------+-----
Fighting       | 3 |  3.3
Spellcasting   | 1 |  1.8
Long Blades    | 2 |  2.3
Armour         | 2 |  2.1
Dodging        | |  0.9
Stealth        | |  0.2
Invocations    | |  1.9

Action                   |  1- 3 |  4- 6 || total
-------------------------+-------+-------++-------
Melee: Falchion          |    63 |    43 ||   106
       Bite              |    17 |    14 ||    31
Throw: Dart              |     8 |     2 ||    10
Invok: Depart the Abyss  |     1 |       ||     1
  Eat: Chunk             |     2 |     1 ||     3
Armor: Leather armour    |    17 |     5 ||    22
Dodge: Dodged            |    32 |    17 ||    49
       Rpst.: Falchion   |     6 |     6 ||    12

Table legend:
 A = Non-vault XP
 B = Vault XP
 C = Vault XP percentage of total XP
 D = Non-vault monster count
 E = Vault monster count
 F = Vault count percentage of total count
                 A         B        C        D         E       F
            +---------+---------+-------+---------+---------+-------
      Total |     116 |       5 |   4.1 |      33 |       3 |   8.3
            +---------+---------+-------+---------+---------+-------
        D:1 |      38 |       0 |   0.0 |      14 |       0 |   0.0
        D:2 |      78 |       5 |   6.0 |      19 |       3 |  13.6
            +---------+---------+-------+---------+---------+-------
